 Dungeon Crawl Stone Soup version 0.31.0-11-ge490571c62 (webtiles) character file.

Game seed: 2761320054538415462

44 qw the Shooter (level 3, -5/18 HPs)
             Began as a Spriggan Hunter on Feb 4, 2024.
             Slain by a gnoll
             ... wielding a +0 spear
              (9 damage)
             ... on level 4 of the Dungeon.
             The game lasted 00:00:04 (913 turns).

qw the Shooter (Spriggan Hunter)                     Turns: 913, Time: 00:00:05

Health: -5/18      AC:  2    Str:  7    XL:     3   Next: 39%
Magic:  4/4        EV: 19    Int: 10    God:
Gold:   70         SH:  0    Dex: 20    Spells: 2/2 levels left

rFire   . . .        a - +0 shortbow (drain)
rCold   . . .        (shield currently unavailable)
rNeg    . . .        c - +0 robe
rPois   .            (helmet restricted)
rElec   .            (no cloak)
rCorr   .            (gloves unavailable)
SInv    +            (boots unavailable)
Will    .....        (no amulet)
Stlth   ++           (no ring)
HPRegen 0.23/turn    (no ring)
MPRegen 0.09/turn

%: no passive effects
@: very quick
A: very small, no large weapons, unfitting armour, see invisible, speed 3
a: no special abilities


You were on level 4 of the Dungeon.
You visited 1 branch of the dungeon, and saw 3 of its levels.

You collected 70 gold pieces.


Innate Abilities, Weirdness & Mutations

You are very small and have problems with some larger weapons.
You are too small for most types of armour.
You have supernaturally acute eyesight. (SInv)
You cover ground extremely quickly. (Speed+++)


   Skills:
 - Level 1.5 Fighting
 + Level 4.7 Ranged Weapons
 - Level 4.0 Dodging
 - Level 1.5 Stealth


You had 2 spell levels left.
You didn't know any spells.
Your spell library was empty.

Inventory:

Hand Weapons
 a - a +0 shortbow of draining (weapon)
Armour
 c - a +0 robe (worn)
Scrolls
 f - a scroll of noise {unknown}
 g - 2 scrolls of enchant armour
Potions
 b - a potion of heal wounds {unknown}
 d - 2 potions of curing {unknown}
 e - a potion of enlightenment {unknown}
 h - a potion of cancellation {unknown}
 j - 2 potions of haste {unknown}
 k - a potion of invisibility {unknown}

Dungeon Overview and Level Annotations

Branches:
Dungeon (2/15)

Altars:


Message History

Enter note:
Enter note:
Enter note:
906 ||| RETREEEEATING.
A hound comes into view.
The gnoll hits you with a +0 club.
A gnoll comes into view. It is wielding a +0 spear.
There is an open door here.
You shoot an arrow. The gnoll shouts!
The arrow hits the gnoll.
The gnoll is moderately wounded.
The gnoll misses you.
You shoot an arrow. The arrow barely misses the gnoll.
The arrow hits the gnoll.
You drain the gnoll.
The gnoll is severely wounded.
The gnoll hits you from afar with a +0 spear.
You shoot an arrow.
The arrow hits the gnoll but does no damage.
The gnoll barely misses you. The gnoll misses you.
The gnoll hits you but does no damage. The gnoll misses you.
The gnoll closely misses you. The gnoll misses you.
You shoot an arrow. The arrow hits the gnoll.
You drain the gnoll.
The gnoll is severely wounded.
The gnoll barely misses you. x2; The gnoll completely misses you.
You shoot an arrow. The arrow hits the gnoll.
You kill the gnoll!
You hear the slow rusting of a distant drain.
The gnoll hits you from afar with a +0 spear. x2
You shoot an arrow. The arrow barely misses the gnoll.
The arrow barely misses the hound.
The gnoll barely misses you. The gnoll misses you.
The gnoll hits you from afar with a +0 spear.
You shoot an arrow.
The arrow hits the gnoll but does no damage.
The gnoll is moderately wounded.
The gnoll closely misses you.
The gnoll hits you from afar with a +0 spear!
Ouch! That really hurt!
You die... ######## #...... #..... .[. #......... . ghg

..... <. #g##...#
...####@##...###
...............#....
...............#....
...............#....
...##..........#.... ###
#####..........#....##..
......>........+....#...
..............##....#.##
........##....#####+..#


You could see a hound and 3 gnolls.

Vanquished Creatures
  A gnoll (D:4)
  3 dart slugs (D:1)
  4 endoplasms (D:1)
  A giant cockroach (D:1)
  3 goblins
  3 hobgoblins
  A jackal (D:4)
  A quokka (D:1)
  4 ball pythons
  3 bats
  2 rats (D:1)
26 creatures vanquished.

Notes
Turn   | Place    | Note
-------+----------+-------------------------------------------
     0 | D:1      | qw the Spriggan Hunter began the quest for the Orb.
     0 | D:1      | Reached XP level 1. HP: 10/10 MP: 2/2
     0 | D:1      | 0 ||| qw: Version: 0.3-a-160-g6735b56
     0 | D:1      | 0 ||| qw: Game counter: 4432
     0 | D:1      | 0 ||| qw: Melee chars always use a shield: true
     0 | D:1      | 0 ||| qw: God list: Okawaru
     0 | D:1      | 0 ||| qw: Allow faded altars: false
     0 | D:1      | 0 ||| qw: Do Orc after clearing Dungeon:15 true
     0 | D:1      | 0 ||| qw: Do second Lair branch before Depths: true
     0 | D:1      | 0 ||| qw: Lair rune preference: random
     0 | D:1      | 0 ||| qw: Goals: Normal
     0 | D:1      | 0 ||| PLANNING D:1-11
    61 | D:1      | Reached skill level 3 in Dodging
   208 | D:1      | Reached XP level 2. HP: 8/14 MP: 3/3
   571 | D:1      | 571 ||| READING scroll labelled AQUHUHEDWA.
   672 | D:1      | 672 ||| READING scroll labelled BAALIO CEONE.
   672 | D:1      | 672 ||| IDENTIFYING fizzy cyan potion
   673 | D:1      | 673 ||| READING 3 scrolls labelled PIODAD HAYVVI.
   673 | D:1      | 673 ||| ENCHANTING +0 shortbow.
   674 | D:1      | 674 ||| READING scroll labelled SOXOMI FOLOPN.
   674 | D:1      | 674 ||| BRANDING +0 shortbow.
   675 | D:1      | 675 ||| READING scroll labelled ILAJONGOGRU.
   678 | D:1      | 678 ||| READING scroll labelled PIRILI HIOSAUDOI.
   679 | D:1      | 679 ||| DROPPING scroll of butterflies.
   680 | D:1      | 680 ||| DROPPING potion of brilliance.
   699 | D:2      | Found a faded altar of an unknown god.
   764 | D:2      | You fall into a shaft and drop 2 floors!
   765 | D:4      | 765 ||| PLANNING SEWER
   827 | D:4      | Reached XP level 3. HP: 18/18 MP: 4/4
   906 | D:4      | 906 ||| RETREEEEATING.
   911 | D:4      | HP: 4/18 [gnoll/+0 spear (5)]
   913 | D:4      | Slain by a gnoll

Levels and vault maps discovered:
D:1:      eino_arrival_tree_alley, layout_rooms, minmay_heptomino_o4
D:2:      layout_rooms, dreamdust_ecumenical_altar_statues,
          kennysheep_generic_room_13
D:4:      layout_gridville, general_overflow_altar, ebering_ghost_rock_garden,
          gup_sewer_entry_spiral

Skill      XL: |  1  2 |
---------------+-------+-----
Dodging        | 3 4 |  4.0
Fighting       | |  1.5
Ranged Weapons | |  4.7
Stealth        | |  1.5

Action                     || total
---------------------------++-------
   Fire: Shortbow          ||    65
    Use: Scroll            ||     6
 Armour: Robe              ||    11
  Dodge: Dodged            ||    33

Table legend:
 A = Non-vault XP
 B = Vault XP
 C = Vault XP percentage of total XP
 D = Non-vault monster count
 E = Vault monster count
 F = Vault count percentage of total count
                 A         B        C        D         E       F
            +---------+---------+-------+---------+---------+-------
      Total |      56 |       7 |  11.1 |      23 |       3 |  11.5
            +---------+---------+-------+---------+---------+-------
        D:1 |      28 |       7 |  20.0 |      14 |       3 |  17.6
        D:2 |       2 |       0 |   0.0 |       2 |       0 |   0.0
        D:4 |      26 |       0 |   0.0 |       7 |       0 |   0.0
            +---------+---------+-------+---------+---------+-------
